 Dungeon Crawl Stone Soup version 0.27-a0-1219-g958d993ae5 (webtiles) character file.

Game seed: 8046151948238135270

28 polve the Cutter (level 2, -9/24 HPs)
             Began as a Demonspawn Abyssal Knight on June 6, 2021.
             Was a Follower of Lugonu.
             Mangled by Sigmund
             ... wielding a +0 scythe
              (10 damage)
             ... on level 2 of the Dungeon.
             The game lasted 00:00:46 (1554 turns).

polve the Cutter (Demonspawn Abyssal Knight)        Turns: 1554, Time: 00:00:47

Health: -9/24      AC:  5    Str: 12    XL:     2   Next: 96%
Magic:  3/3        EV: 10    Int: 13    God:    Lugonu [*.....]
Gold:   23         SH:  4    Dex: 12    Spells: 1/1 levels left

rFire    . . .     SeeInvis .   a - +1 short sword
rCold    . . .     Faith    .   (no shield)
rNeg     . . .     Spirit   .   d - +0 ring mail
rPois    .         Reflect  .   (no helmet)
rElec    .         Harm     .   (no cloak)
rCorr    .         Rampage  .   (no gloves)
Will     .....                  (no boots)
Stlth    +.........             (no amulet)
HPRegen  0.08/turn              (no ring)
MPRegen  0.08/turn              (no ring)

@: no status effects
A: condensation shield
a: Renounce Religion, Depart the Abyss


You were on level 2 of the Dungeon.
You worshipped Lugonu.
Lugonu was aware of your devotion.
You visited 1 branch of the dungeon, and saw 2 of its levels.
You visited the Abyss 1 time.

You collected 23 gold pieces.

Inventory:

Hand Weapons
 a - a +1 short sword (weapon)
Armour
 b - a +0 leather armour
 d - a +0 ring mail (worn)
Scrolls
 c - 2 scrolls of teleportation {unknown}
 e - 2 scrolls of identify {unknown}
 f - a scroll of immolation {unknown}
 g - a scroll of amnesia {unknown}


   Skills:
 - Level 3.0 Fighting
 + Level 3.2 Short Blades
 - Level 1.7 Armour
 - Level 0.8 Dodging
 - Level 2.4 Invocations


You had one spell level left.
You didn't know any spells.
Your spell library was empty.

Dungeon Overview and Level Annotations

Branches:
Dungeon (2/15)

Altars:

Annotations:
D:2 Sigmund


Innate Abilities, Weirdness & Mutations

A meltable shield of frost defends you. (SH +4)


Message History

You block the bat's attack. The adder closely misses you.
The bat hits you but does no damage. The bat closely misses you.
You block the adder's attack.
Sigmund hits you from afar with a +0 scythe!
The adder closely misses you. The bat hits you but does no damage.
The bat hits you but does no damage. The bat barely misses you.
The adder barely misses you. The bat barely misses you.
The bat hits you but does no damage. The bat closely misses you.
Sigmund casts a spell.
Sigmund flickers and vanishes!
Deactivating autopickup; reactivate with Ctrl-A.
The adder bites you but does no damage. You block the bat's attack.
The bat barely misses you. The bat hits you but does no damage.
The adder bites you but does no damage. You block the bat's attack.
You block the bat's attack.
You hit the bat.
You kill the bat!
Lugonu accepts your kill.
You barely miss the adder.
The adder is moderately wounded.
You block the adder's attack. The adder closely misses you.
You hit the adder.
The adder is severely wounded.
Something hits you.
* * * LOW HITPOINT WARNING * * *
The adder bites you but does no damage.
You closely miss the adder.
The adder is severely wounded.
The adder barely misses you. Something hits you.
* * * LOW HITPOINT WARNING * * *
You hit the adder.
You kill the adder!
Lugonu accepts your kill. Something hits you!
You die...

#.# #....# . #.# #.# #....# ...
#.# #.###....##....#######.#
#.#....................##
#######.#......######..........
#..............................
#>.............................
##############.######..........
#@# #.......... #†# #..........
########{# #..........
.........### ###########
.###.......# #.......#
#.###.......# #...........#
#...........###


There were no monsters in sight!

Vanquished Creatures
  An adder (D:2)
  A worm (D:2)
  7 endoplasms
  5 goblins (D:1)
  A kobold (D:2)
  2 quokkas (D:2)
  A bat (D:2)
  A frilled lizard (D:1)
  4 rats
23 creatures vanquished.

Notes
Turn   | Place    | Note
-------+----------+-------------------------------------------
     0 | Abyss:1  | polve the Demonspawn Abyssal Knight began the quest for the
                  | Orb.
     0 | Abyss:1  | Reached XP level 1. HP: 18/18 MP: 2/2
    49 | Abyss:1  | Noticed a deep elf demonologist
    50 | D:1      | Escaped the Abyss
   656 | D:1      | Found a faded altar of an unknown god.
   748 | D:1      | Gained mutation: A meltable shield of frost defends you.
                  | (SH +4) [demonic ancestry]
   748 | D:1      | Reached XP level 2. HP: 24/24 MP: 3/3
  1258 | D:2      | Reached * piety under Lugonu
  1531 | D:2      | Noticed Sigmund
  1553 | D:2      | HP: 1/24 [something (6)]
  1554 | D:2      | Mangled by Sigmund

Illustrated notes

Levels and vault maps discovered:
D:1:      lemuel_arrival_muddy, layout_basic,
          shapermc_ecumenical_altar_notcrosses
D:2:      layout_basic, uniq_sigmund

Skill      XL: |  1  2 |
---------------+-------+-----
Short Blades   | 2 3 |  3.2
Fighting       | |  3.0
Armour         | |  1.7
Dodging        | |  0.8
Invocations    | |  2.4

Action                   || total
-------------------------++-------
Melee: Short sword       ||    89
Invok: Depart the Abyss  ||     1
 Stab: Sleeping          ||     1
Armor: Ring mail         ||    37
       Leather armour    ||     1
Dodge: Dodged            ||    52
Block: Other             ||    12

Table legend: (Time is in decaauts)
 A = Elapsed time spent in this place.
 B = Non-inter-level travel time spent in this place.
 C = Inter-level travel time spent in this place.
 D = Time resting spent in this place.
 E = Time spent auto-exploring this place.
 F = Levels seen in this place.
 G = Mean time per level.
                   A        B        C        D        E       F      G
               +--------+--------+--------+--------+--------+-----+--------+
         Total |   1554 |   1511 |     43 |      0 |   1303 |   3 |  518.0 |
       Dungeon |   1504 |   1461 |     43 |      0 |   1254 |   2 |  752.0 |
         Abyss |     50 |     50 |      0 |      0 |     49 |   1 |   50.0 |
               +--------+--------+--------+--------+--------+-----+--------+

Top non-repeatable levels by time:
     D:1: 1184 daAuts
     D:2: 319 daAuts
 Abyss:1: 50 daAuts
